 Dungeon Crawl Stone Soup version 0.25.1-2-g60ff931df9 (webtiles) character file.

Game seed: 13578568800324654437

141 Peloso the Shield-Bearer (level 5, -4/46 HPs)
             Began as a Minotaur Fighter on Aug 25, 2020.
             Slain by a sky beast (5 damage)
             ... on level 3 of the Dungeon.
             The game lasted 00:05:42 (2418 turns).

Peloso the Shield-Bearer (Minotaur Fighter)         Turns: 2418, Time: 00:05:42

Health: -4/46      AC:  9    Str: 17 (20) XL:     5   Next: 3%
Magic:  4/4        EV:  4    Int:  3 (5)  God:
Gold:   72         SH:  9    Dex: 10 (13) Spells: 4/4 levels left

rFire    . . .     SeeInvis .   a - +0 long sword
rCold    . . .     Gourm    .   c - +0 kite shield
rNeg     . . .     Faith    .   b - +0 scale mail
rPois    .         Spirit   .   (helmet restricted)
rElec    .         Reflect  .   g - +0 cloak
rCorr    .         Harm     .   (no gloves)
MR       .....     Rnd*Tele +   j - +0 pair of boots
Stlth    ..........             (no amulet)
HPRegen  0.55/turn              e - ring of attention (curse)
MPRegen  0.09/turn              (no ring)

@: brilliant, constricted, lightly drained
A: retaliatory headbutt, horns 2, thin skeletal structure 1, regeneration 1,
teleportitis 1
a: no special abilities


You were on level 3 of the Dungeon.
You were not hungry.

You visited 1 branch of the dungeon, and saw 3 of its levels.

You collected 72 gold pieces.

Inventory:

Hand Weapons
 a - a +0 long sword (weapon)
Missiles
 i - 21 bolts
Armour
 b - a +0 scale mail (worn)
 c - a +0 kite shield (worn)
 g - a +0 cloak (worn)
 j - a +0 pair of boots (worn)
Jewellery
 e - a cursed ring of attention (left hand)
Scrolls
 k - a scroll of teleportation {unknown}
 o - 2 scrolls of identify
 p - a scroll of fear {unknown}
 q - 2 scrolls of magic mapping {unknown}
 s - a scroll of fog {unknown}
Potions
 d - a potion of might
 h - 2 potions of cancellation
 r - a potion of lignification {unknown}
 t - a potion of haste {unknown}
Comestibles
 f - 5 rations


   Skills:
 + Level 4.3(3.8) Fighting
 + Level 3.9(3.5) Long Blades
 + Level 4.4(4.0) Armour
 + Level 0.7(0.3) Dodging
 + Level 4.9(4.4) Shields


You had 4 spell levels left.
You didn't know any spells.
Your spell library was empty.

Dungeon Overview and Level Annotations

Branches:
Dungeon (3/15)

Altars:
Ashenzari


Innate Abilities, Weirdness & Mutations

You reflexively headbutt those who attack you in melee.
You have a pair of horns on your head.
You have a somewhat thin skeletal structure. (Dex +2, Stealth)
Your natural rate of healing is unusually fast.
You are occasionally teleported next to monsters.


Message History

You block the ball python's attack. The ball python constricts you.
Something hits you but does no damage.
The ball python bites you but does no damage.
The ball python constricts you.
It was a potion of mutation.
You feel extremely strange.
Your bones become slightly less dense.
You feel weirdly uncertain.
You begin to heal more quickly.
The ball python bites you.
* * * LOW HITPOINT WARNING * * *
The ball python constricts you. Something hits you but does no damage.
It was a potion of degeneration.
There was something very wrong with that liquid.
You feel weakened.
You feel dopey.
You feel clumsy.
The ball python bites you but does no damage.
The ball python constricts you.
A sky beast appears from thin air!
Reactivating autopickup.
The sky beast hits you.
* * * LOW HITPOINT WARNING * * *
The sky beast shocks you.
You die...

#........
#........
#........
#........
.........
#..!.....
#YS....>.
##@.......
#.).......
#.........
#######.#######.
..
................
##.
#######.###.....
#. #.# ... .
##.# . # ###..#


You could see a sky beast and a ball python.

Vanquished Creatures
  Robin (D:3)
  3 adders (D:2)
  An ooze (D:3)
  2 worms (D:2)
  3 dart slugs
  2 leopard geckos
  4 orcs (D:3)
  A ball python (D:2)
  3 giant cockroaches
  16 goblins
  16 hobgoblins
  2 jackals (D:1)
  A quokka (D:2)
  6 bats
  2 frilled lizards (D:2)
  5 kobolds
  4 rats
72 creatures vanquished.

Notes
Turn   | Place    | Note
-------+----------+-------------------------------------------
     0 | D:1      | Peloso the Minotaur Fighter began the quest for the Orb.
     0 | D:1      | Reached XP level 1. HP: 19/19 MP: 0/0
   310 | D:1      | Reached XP level 2. HP: 27/27 MP: 1/1
   859 | D:1      | Reached XP level 3. HP: 33/33 MP: 2/2
  1330 | D:2      | Found a shattered altar of Ashenzari.
  1420 | D:2      | Reached XP level 4. HP: 34/40 MP: 3/3
  2082 | D:3      | Noticed Robin
  2150 | D:3      | Killed Robin
  2174 | D:3      | Reached XP level 5. HP: 29/46 MP: 4/4
  2397 | D:3      | Noticed a sky beast
  2417 | D:3      | Gained mutation: You have a somewhat thin skeletal
                  | structure. (Dex +2, Stealth) [potion of mutation]
  2417 | D:3      | Gained mutation: You are occasionally teleported next to
                  | monsters. [potion of mutation]
  2417 | D:3      | Gained mutation: Your natural rate of healing is unusually
                  | fast. [potion of mutation]
  2418 | D:3      | HP: 1/46 [sky beast (2)]
  2418 | D:3      | Slain by a sky beast

Illustrated notes

Levels and vault maps discovered:
D:1:      dpeg_arrival_court, layout_basic, hangedman_abyss_or_decor_stabs
D:2:      layout_loops_ring, ashenzari_altar_1, first_ration,
          kennysheep_decorative_pillar
D:3:      layout_rooms, tgw_sif, makhleb_blood_cavern_becter, uniq_robin

Skill      XL: |  1  2  3 |
---------------+----------+-----
Shields        | 4 |  4.9
Long Blades    | 3 |  3.9
Armour         | 4 |  4.4
Fighting       | 4 |  4.3
Dodging        | |  0.7

Action                   |  1- 3 |  4- 6 || total
-------------------------+-------+-------++-------
Melee: Long sword        |    91 |    94 ||   185
       Headbutt          |     9 |    17 ||    26
  Use: Scroll            |     1 |       ||     1
       Potion            |       |     3 ||     3
  Eat: Chunk             |     2 |     3 ||     5
Armor: Scale mail        |    39 |    72 ||   111
Dodge: Dodged            |    25 |    28 ||    53
Block: Kite shield       |    65 |    61 ||   126
       Rpst.: Long sword |     7 |     4 ||    11
